| TOP OF THE 1ST |
|
Toronto Blue Jays batting - Pitching for Kansas City Royals : RHP Marco Sarabia
|
|
Pitching: RHP Marco Sarabia
|
|
|
Batting: SHB Harold Reynolds
|
0-0: Ball 1-0: Ball 2-0: Called Strike 2-1: Swinging Strike 2-2: Ground out 4-3 (Groundball, 4, EV 85.0 MPH)
|
|
Batting: RHB Jose Gonzalez
|
0-0: Called Strike 0-1: Ball 1-1: Ball 2-1: Ground out 6-3 (Groundball, 6, EV 85.0 MPH)
|
|
Batting: LHB Sheldon Mallory
|
0-0: Called Strike 0-1: Ball 1-1: Ball 2-1: Swinging Strike 2-2: Ground out 1-3 (Groundball, 23, EV 64.4 MPH)
|
| Top of the 1st over - 0 runs, 0 hits, 0 errors, 0 left on base; Toronto 0 - Kansas City 0 |
| BOTTOM OF THE 1ST |
|
Kansas City Royals batting - Pitching for Toronto Blue Jays : LHP Thomas Boyd
|
|
Pitching: LHP Thomas Boyd
|
|
|
Batting: RHB Rickey Henderson
|
0-0: Ball 1-0: Foul Ball, location: 2F 1-1: Foul Ball, location: 2F 1-2: Ground out 6-3 (Groundball, 6, EV 79.4 MPH)
|
|
Batting: LHB Gene Richards
|
0-0: Fly out, F8 (Line Drive, 8RM, EV 87.5 MPH)
|
|
Batting: RHB Jeffrey Leonard
|
0-0: Ball 1-0: Fly out, F8 (Flyball, 78D, EV 106.9 MPH)
|
| Bottom of the 1st over - 0 runs, 0 hits, 0 errors, 0 left on base; Toronto 0 - Kansas City 0 |
| TOP OF THE 2ND |
|
Toronto Blue Jays batting - Pitching for Kansas City Royals : RHP Marco Sarabia
|
|
Batting: RHB Hubie Brooks
|
0-0: Ball 1-0: Ball 2-0: Foul Ball, location: 2F 2-1: Foul Ball, location: 2F 2-2: Strikes out swinging
|
|
Batting: RHB Andres Galarraga
|
0-0: Foul Ball, location: 2F 0-1: Swinging Strike 0-2: Ball 1-2: Strikes out swinging
|
|
Batting: RHB Cal Ripken
|
0-0: Ball 1-0: Ball 2-0: Ground out 5-3 (Groundball, 56, EV 84.4 MPH)
|
| Top of the 2nd over - 0 runs, 0 hits, 0 errors, 0 left on base; Toronto 0 - Kansas City 0 |
| BOTTOM OF THE 2ND |
|
Kansas City Royals batting - Pitching for Toronto Blue Jays : LHP Thomas Boyd
|
|
Batting: RHB Charlie O'Brien
|
0-0: Foul Ball, location: 2F 0-1: Fly out, F8 (Flyball, 8RM, EV 75.6 MPH)
|
|
Batting: RHB Gary Carter
|
0-0: Called Strike 0-1: Foul Ball, location: 2F 0-2: Ball 1-2: Foul Ball, location: 2F 1-2: Ball 2-2: DOUBLE (Line Drive, 78XD, EV 103.1 MPH)
|
|
Batting: RHB Adrian Monrreal
|
0-0: Ball Wild Pitch! Gary Carter to third 1-0: Fly out, F7 (Flyball, 7D, EV 109.4 MPH) Runner from 3rd tags up, OUT at HOME! 7-2
|
| Bottom of the 2nd over - 0 runs, 1 hit, 0 errors, 0 left on base; Toronto 0 - Kansas City 0 |
| TOP OF THE 3RD |
|
Toronto Blue Jays batting - Pitching for Kansas City Royals : RHP Marco Sarabia
|
|
Batting: LHB Milt Thompson
|
0-0: Ball 1-0: Foul Ball, location: 2F 1-1: Foul Ball, location: 2F 1-2: Ball 2-2: Strikes out swinging
|
|
Batting: RHB Juan Monasterio
|
0-0: Ball 1-0: Called Strike 1-1: Ball 2-1: Ball 3-1: Called Strike 3-2: Fly out, F4 (Popup, 3S, EV 80.0 MPH)
|
|
Batting: RHB Fritzie Connally
|
0-0: Ball 1-0: Foul Ball, location: 2F 1-1: Called Strike 1-2: Ball 2-2: Ball 3-2: Strikes out looking
|
| Top of the 3rd over - 0 runs, 0 hits, 0 errors, 0 left on base; Toronto 0 - Kansas City 0 |
| BOTTOM OF THE 3RD |
|
Kansas City Royals batting - Pitching for Toronto Blue Jays : LHP Thomas Boyd
|
|
Batting: RHB Bob Horner
|
0-0: Ball 1-0: Ground out U3 (Groundball, 3, EV 86.9 MPH)
|
|
Batting: LHB Alvin Davis
|
0-0: Ball 1-0: Foul Ball, location: 2F 1-1: Swinging Strike 1-2: Ball 2-2: Strikes out swinging, 2-3 out at first.
|
|
Batting: LHB Rick Manning
|
0-0: Fly out, F7 (Line Drive, 7S, EV 88.1 MPH)
|
| Bottom of the 3rd over - 0 runs, 0 hits, 0 errors, 0 left on base; Toronto 0 - Kansas City 0 |
| TOP OF THE 4TH |
|
Toronto Blue Jays batting - Pitching for Kansas City Royals : RHP Marco Sarabia
|
|
Batting: SHB Harold Reynolds
|
0-0: Ball 1-0: Called Strike 1-1: Foul Ball, location: 2F 1-2: Ground out 4-3 (Groundball, 4S, EV 81.3 MPH)
|
|
Batting: RHB Jose Gonzalez
|
0-0: Foul Ball, location: 2F 0-1: Swinging Strike 0-2: Foul Ball, location: 2F 0-2: Fly out, F8 (Flyball, 8LD, EV 100.0 MPH)
|
|
Batting: LHB Sheldon Mallory
|
0-0: Called Strike 0-1: Ball 1-1: Called Strike 1-2: Strikes out swinging
|
| Top of the 4th over - 0 runs, 0 hits, 0 errors, 0 left on base; Toronto 0 - Kansas City 0 |
| BOTTOM OF THE 4TH |
|
Kansas City Royals batting - Pitching for Toronto Blue Jays : LHP Thomas Boyd
|
|
Batting: RHB Rickey Henderson
|
0-0: Called Strike 0-1: Fly out, F9 (Flyball, 89D, EV 99.4 MPH)
|
|
Batting: LHB Gene Richards
|
0-0: Called Strike 0-1: Ball 1-1: Foul Ball, location: 2F 1-2: Foul Ball, location: 2F 1-2: Fly out, F9 (Flyball, 9, EV 93.8 MPH)
|
|
Batting: RHB Jeffrey Leonard
|
0-0: Called Strike 0-1: Ball 1-1: Ground out 6-3 (Groundball, 6, EV 83.8 MPH)
|
| Bottom of the 4th over - 0 runs, 0 hits, 0 errors, 0 left on base; Toronto 0 - Kansas City 0 |
| TOP OF THE 5TH |
|
Toronto Blue Jays batting - Pitching for Kansas City Royals : RHP Marco Sarabia
|
|
Batting: RHB Hubie Brooks
|
0-0: Swinging Strike 0-1: Ball 1-1: Ground out 4-3 (Groundball, 4, EV 107.5 MPH)
|
|
Batting: RHB Andres Galarraga
|
0-0: Ball 1-0: Ball 2-0: Foul Ball, location: 2F 2-1: Called Strike 2-2: Foul Ball, location: 2F 2-2: Fly out, F8 (Flyball, 8LM, EV 82.5 MPH)
|
|
Batting: RHB Cal Ripken
|
0-0: Called Strike 0-1: Ball 1-1: Ball 2-1: Ball 3-1: Fly out, F9 (Flyball, 9D, EV 86.3 MPH)
|
| Top of the 5th over - 0 runs, 0 hits, 0 errors, 0 left on base; Toronto 0 - Kansas City 0 |
| BOTTOM OF THE 5TH |
|
Kansas City Royals batting - Pitching for Toronto Blue Jays : LHP Thomas Boyd
|
|
Batting: RHB Charlie O'Brien
|
0-0: Ball 1-0: Ball 2-0: Called Strike 2-1: Ground out 5-3 (Groundball, 56S, EV 90.0 MPH)
|
|
Batting: RHB Gary Carter
|
0-0: Ball 1-0: Foul Ball, location: 2F 1-1: Ball 2-1: DOUBLE (Flyball, 3D, EV 94.4 MPH)
|
|
Batting: RHB Adrian Monrreal
|
0-0: Fly out, F7 (Line Drive, 7S, EV 91.9 MPH)
|
|
Batting: RHB Bob Horner
|
0-0: SINGLE (Flyball, 89S, EV 91.3 MPH) Gary Carter to third Runner from 3rd tries for Home, SAFE, throw by CF to home
|
|
Batting: LHB Alvin Davis
|
0-0: Called Strike 0-1: Foul Ball, location: 2F 0-2: Ball 1-2: 2-RUN HOME RUN (Flyball, 7D, EV 105.0 MPH), Distance : 383 ft
|
|
Batting: LHB Rick Manning
|
0-0: Swinging Strike 0-1: SINGLE (Line Drive, 9S, EV 93.8 MPH)
|
|
Batting: RHB Rickey Henderson
|
0-0: Ball 1-0: Ball 2-0: Swinging Strike 2-1: Ball 3-1: Called Strike 3-2: Ground out 5-3 (Groundball, 56, EV 98.1 MPH)
|
| Bottom of the 5th over - 3 runs, 4 hits, 0 errors, 1 left on base; Toronto 0 - Kansas City 3 |
| TOP OF THE 6TH |
|
Toronto Blue Jays batting - Pitching for Kansas City Royals : RHP Marco Sarabia
|
|
Batting: LHB Milt Thompson
|
0-0: Ball 1-0: Ball 2-0: Called Strike 2-1: Foul Ball, location: 2F 2-2: Ball 3-2: Strikes out swinging
|
|
Batting: RHB Juan Monasterio
|
0-0: Called Strike 0-1: Ball 1-1: Foul Ball, location: 2F 1-2: Strikes out swinging
|
|
Batting: RHB Fritzie Connally
|
0-0: Ball 1-0: Ball 2-0: SOLO HOME RUN (Flyball, 7LD, EV 105.0 MPH), Distance : 370 ft
|
|
Batting: SHB Harold Reynolds
|
0-0: Ball 1-0: Ball 2-0: Ground out U3 (Groundball, 3, EV 103.8 MPH)
|
| Top of the 6th over - 1 run, 1 hit, 0 errors, 0 left on base; Toronto 1 - Kansas City 3 |
| BOTTOM OF THE 6TH |
|
Kansas City Royals batting - Pitching for Toronto Blue Jays : LHP Thomas Boyd
|
|
Batting: LHB Gene Richards
|
0-0: Ball 1-0: Called Strike 1-1: Ball 2-1: Ball 3-1: Ground out 4-3 (Groundball, 4M, EV 106.9 MPH)
|
|
Batting: RHB Jeffrey Leonard
|
0-0: Foul Ball, location: 2F 0-1: Ball 1-1: Ball 2-1: Ball 3-1: Foul Ball, location: 2F 3-2: Fly out, F6 (Popup, 6, EV 55.6 MPH)
|
|
Batting: RHB Charlie O'Brien
|
0-0: Ball 1-0: Called Strike 1-1: Ground out 6-3 (Groundball, 6, EV 76.9 MPH)
|
| Bottom of the 6th over - 0 runs, 0 hits, 0 errors, 0 left on base; Toronto 1 - Kansas City 3 |
| TOP OF THE 7TH |
|
Toronto Blue Jays batting - Pitching for Kansas City Royals : RHP Marco Sarabia
|
|
Batting: RHB Jose Gonzalez
|
0-0: Fly out, F9 (Flyball, 89D, EV 95.0 MPH)
|
|
Batting: LHB Sheldon Mallory
|
0-0: Called Strike 0-1: Ball 1-1: Ball 2-1: Fly out, F7 (Flyball, 7, EV 84.4 MPH)
|
|
Batting: RHB Hubie Brooks
|
0-0: Called Strike 0-1: Ball 1-1: Ground out 6-3 (Groundball, 6, EV 81.3 MPH)
|
| Top of the 7th over - 0 runs, 0 hits, 0 errors, 0 left on base; Toronto 1 - Kansas City 3 |
| BOTTOM OF THE 7TH |
|
Kansas City Royals batting - Pitching for Toronto Blue Jays : LHP Thomas Boyd
|
|
Batting: RHB Gary Carter
|
0-0: Ball 1-0: Foul Ball, location: 2F 1-1: Fly out, F8 (Line Drive, 8LM, EV 98.8 MPH)
|
|
Batting: RHB Adrian Monrreal
|
0-0: Ball 1-0: Ball 2-0: Fly out, F9 (Flyball, 9LS, EV 90.6 MPH)
|
|
Batting: RHB Bob Horner
|
0-0: Ball 1-0: Ball 2-0: Foul Ball, location: 2F 2-1: Fly out, F7 (Flyball, 7D, EV 100.6 MPH)
|
| Bottom of the 7th over - 0 runs, 0 hits, 0 errors, 0 left on base; Toronto 1 - Kansas City 3 |
| TOP OF THE 8TH |
|
Toronto Blue Jays batting - Pitching for Kansas City Royals : RHP Marco Sarabia
|
|
Batting: RHB Andres Galarraga
|
0-0: Ball 1-0: Ball 2-0: Swinging Strike 2-1: Foul Ball, location: 2F 2-2: Strikes out looking
|
|
Batting: RHB Cal Ripken
|
0-0: Ball 1-0: Called Strike 1-1: Ball 2-1: SINGLE (Line Drive, 6MD, EV 96.3 MPH)
|
|
Batting: LHB Milt Thompson
|
0-0: Ball 1-0: Ball 2-0: TRIPLE (Flyball, 89XD, EV 87.5 MPH) Cal Ripken scores
|
|
Batting: RHB Juan Monasterio
|
0-0: Ball 1-0: Ground out 6-3 (Groundball, 6, EV 80.0 MPH)
|
|
Batting: RHB Fritzie Connally
|
0-0: Foul Ball, location: 2F 0-1: Called Strike 0-2: Ball 1-2: Ball Wild Pitch! Milt Thompson scores 2-2: Foul Ball, location: 2F 2-2: Foul Ball, location: 2F 2-2: Strikes out swinging
|
| Top of the 8th over - 2 runs, 2 hits, 0 errors, 0 left on base; Toronto 3 - Kansas City 3 |
| BOTTOM OF THE 8TH |
|
Kansas City Royals batting - Pitching for Toronto Blue Jays : LHP Thomas Boyd
|
|
Batting: LHB Alvin Davis
|
0-0: Fly out, F8 (Flyball, 8LXD, EV 96.9 MPH)
|
|
Batting: LHB Rick Manning
|
0-0: Fly out, F8 (Flyball, 8RD, EV 90.6 MPH)
|
|
Batting: RHB Rickey Henderson
|
0-0: Called Strike 0-1: Ground out 5-3 (Groundball, 56, EV 105.0 MPH)
|
| Bottom of the 8th over - 0 runs, 0 hits, 0 errors, 0 left on base; Toronto 3 - Kansas City 3 |
| TOP OF THE 9TH |
|
Toronto Blue Jays batting - Pitching for Kansas City Royals : RHP Marco Sarabia
|
|
Batting: SHB Harold Reynolds
|
0-0: Called Strike 0-1: Foul Ball, location: 2F 0-2: Fly out, F8 (Flyball, 8LD, EV 97.5 MPH)
|
|
Batting: RHB Jose Gonzalez
|
0-0: Ball 1-0: Foul Ball, location: 2F 1-1: Called Strike 1-2: Foul Ball, location: 2F 1-2: Ground out 4-3 (Groundball, 4S, EV 89.4 MPH)
|
|
Batting: LHB Sheldon Mallory
|
0-0: Ball 1-0: SINGLE (Line Drive, 9S, EV 93.8 MPH)
|
|
Pitching: RHP Sandy Wihtol
|
|
|
Batting: RHB Hubie Brooks
|
0-0: Ball 1-0: Called Strike 1-1: Swinging Strike 1-2: Ground out 6-3 (Groundball, 6M, EV 76.3 MPH)
|
| Top of the 9th over - 0 runs, 1 hit, 0 errors, 1 left on base; Toronto 3 - Kansas City 3 |
| BOTTOM OF THE 9TH |
|
Kansas City Royals batting - Pitching for Toronto Blue Jays : LHP Thomas Boyd
|
|
Batting: LHB Gene Richards
|
0-0: Ball 1-0: Foul Ball, location: 2F 1-1: Ball 2-1: Called Strike 2-2: Foul Ball, location: 2F 2-2: Foul Ball, location: 2F 2-2: Foul Ball, location: 2F 2-2: Foul Ball, location: 2F 2-2: Fly out, F8 (Line Drive, 8RM, EV 90.0 MPH)
|
|
Batting: RHB Jeffrey Leonard
|
0-0: Ball 1-0: Swinging Strike 1-1: Called Strike 1-2: Strikes out swinging
|
|
Batting: RHB Charlie O'Brien
|
0-0: Called Strike 0-1: Called Strike 0-2: Foul Ball, location: 2F 0-2: Ball 1-2: Ball 2-2: Foul Ball, location: 2F 2-2: Ball 3-2: Fly out, F7 (Flyball, 7S, EV 88.8 MPH)
|
| Bottom of the 9th over - 0 runs, 0 hits, 0 errors, 0 left on base; Toronto 3 - Kansas City 3 |
| TOP OF THE 10TH |
|
Toronto Blue Jays batting - Pitching for Kansas City Royals : RHP Sandy Wihtol
|
|
Batting: RHB Andres Galarraga
|
0-0: Ball 1-0: Ground out 4-3 (Groundball, 4, EV 93.8 MPH)
|
|
Batting: RHB Cal Ripken
|
0-0: Called Strike 0-1: Foul Ball, location: 2F 0-2: Ball 1-2: Ball 2-2: Ball 3-2: Base on Balls
|
|
Batting: LHB Milt Thompson
|
0-0: Ball 1-0: DOUBLE (Flyball, 8LXD, EV 106.9 MPH) Cal Ripken to third Runner from 3rd tries for Home, SAFE, no throw by CF
|
|
Batting: RHB Juan Monasterio
|
0-0: Fly out, F4 (Popup, 4M, EV 68.1 MPH)
|
|
Batting: RHB Fritzie Connally
|
0-0: Called Strike 0-1: Ball 1-1: Reached on error, E5 (Groundball, 56, EV 80.6 MPH) Milt Thompson to third
|
|
Batting: SHB Harold Reynolds
|
0-0: Called Strike 0-1: 3-RUN HOME RUN (Line Drive, 9D, EV 99.4 MPH), Distance : 384 ft
|
|
Pitching: RHP Joaquin Andujar
|
|
|
Batting: RHB Jose Gonzalez
|
0-0: Ball 1-0: Called Strike 1-1: Called Strike 1-2: Foul Ball, location: 2F 1-2: SINGLE (Line Drive, 4MD, EV 107.5 MPH)
|
|
Batting: LHB Sheldon Mallory
|
0-0: Called Strike Jose Gonzalez steals 2nd base 0-1: Called Strike 0-2: Foul Ball, location: 2F 0-2: Fly out, F8 (Line Drive, 8RD, EV 89.4 MPH)
|
| Top of the 10th over - 4 runs, 3 hits, 1 error, 1 left on base; Toronto 7 - Kansas City 3 |
| BOTTOM OF THE 10TH |
|
Kansas City Royals batting - Pitching for Toronto Blue Jays : LHP Thomas Boyd
|
|
Batting: RHB Gary Carter
|
0-0: Foul Ball, location: 2F 0-1: DOUBLE (Line Drive, 7LM, EV 104.4 MPH)
|
|
Batting: RHB Adrian Monrreal
|
0-0: Called Strike 0-1: Ball 1-1: Ground out 5-3 (Groundball, 56, EV 106.9 MPH)
|
|
Batting: RHB Bob Horner
|
0-0: Ball 1-0: Swinging Strike 1-1: Ball 2-1: Foul Ball, location: 2F 2-2: Foul Ball, location: 2F 2-2: Ball 3-2: Strikes out swinging
|
|
Batting: LHB Alvin Davis
|
0-0: Called Strike 0-1: Swinging Strike 0-2: Ball 1-2: Ball 2-2: SINGLE (Line Drive, 78M, EV 85.6 MPH) Gary Carter to third
|
|
Batting: LHB Rick Manning
|
0-0: Fly out, F4 (Popup, 4S, EV 83.1 MPH)
|
| Bottom of the 10th over - 0 runs, 2 hits, 0 errors, 2 left on base; Toronto 7 - Kansas City 3 |
|